 Dungeon Crawl Stone Soup version 0.26.1-11-gd32895ea62 (webtiles) character file.

Game seed: 4700076803603801553

103 dtburroughs the Skirmisher (level 4, -8/61 HPs)
             Began as a Minotaur Berserker on July 10, 2021.
             Was a Believer of Trog.
             Mangled by a gnoll
             ... wielding a +0 halberd
              (12 damage)
             ... on level 2 of the Dungeon.
             The game lasted 00:02:25 (1729 turns).

dtburroughs the Skirmisher (Minotaur Berserker)     Turns: 1729, Time: 00:02:26

Health: -8/61      AC:  2    Str: 21    XL:     4   Next: 51%
Magic:  3/3        EV: 13    Int:  5    God:    Trog [**....]
Gold:   103        SH:  0    Dex: 10    Spells: 3/3 levels left

rFire    . . .     SeeInvis .   a - +0 hand axe
rCold    . . .     Faith    .   (no shield)
rNeg     . . .     Spirit   .   b - +0 animal skin
rPois    .         Reflect  .   (helmet restricted)
rElec    .         Harm     .   (no cloak)
rCorr    .         Rampage  .   (no gloves)
Will     ++...                  (no boots)
Stlth    ..........             (no amulet)
HPRegen  1.20/turn              (no ring)
MPRegen  0.08/turn              (no ring)

@: berserking, lethally poisoned (-8 -> -8), regenerating, very quick
A: retaliatory headbutt, horns 2
a: Renounce Religion, Berserk, Trog's Hand


You were on level 2 of the Dungeon.
You worshipped Trog.
Trog was pleased with you.
You visited 1 branch of the dungeon, and saw 2 of its levels.

You collected 103 gold pieces.

Inventory:

Hand Weapons
 a - a +0 hand axe (weapon)
Armour
 b - a +0 animal skin (worn)
Jewellery
 e - an uncursed ring of protection from fire {unknown}
 f - an uncursed ring of protection from cold {unknown}
Scrolls
 c - a scroll of fear {unknown}
 d - 5 scrolls of teleportation {unknown}
 g - a scroll of enchant armour {unknown}
 h - 2 scrolls of enchant weapon {unknown}
 k - a scroll of identify {unknown}
Potions
 i - a potion of degeneration {unknown}
 j - a potion of lignification {unknown}


   Skills:
 + Level 4.6 Fighting
 + Level 4.4 Axes
 + Level 3.5 Armour
 + Level 3.2 Dodging


You had 3 spell levels left.
You didn't know any spells.
Your spell library was empty.

Dungeon Overview and Level Annotations

Branches:
Dungeon (2/15)

Altars:
Sif Muna


Innate Abilities, Weirdness & Mutations

You reflexively headbutt those who attack you in melee.
You have a pair of horns on your head.


Message History

* * * LOW HITPOINT WARNING * * *
The gnoll closely misses you. You furiously retaliate!
You headbutt the gnoll!
You kill the gnoll!
Trog accepts your kill.
You miss the adder.
The adder is moderately wounded.
The adder bites you.
* * * LOW HITPOINT WARNING * * *
The gnoll hits you from afar with a +0 halberd!
* * * LOW HITPOINT WARNING * * *
The gnoll hits you from afar with a +0 spear.
* * * LOW HITPOINT WARNING * * *
You barely miss the adder.
The adder is moderately wounded.
The adder barely misses you.
You closely miss the adder. Your headbutt misses the adder.
The adder is moderately wounded.
You feel sick.
The gnoll hits you from afar with a +0 halberd!
You die...

#........... ###........... ##
#............. .# #.............
.# ######### #.............
.#######......g#####.............
>..............S@................
..........)...gg.................
...............#########..####.##
..........###### ##.# #...
...≈≈≈≈≈...## #.## #)#.
.≈≈≈≈≈≈≈≈≈..## #..# #)#.
≈≈≈≈≈≈≈≈≈≈≈..# ##.###)#.
≈≈≈≈≈≈≈≈≈≈≈≈.# #..##)#.
≈≈≈≈≈_≈≈≈≈≈≈.# ##.##)#.


You could see 2 gnolls, an adder and a hobgoblin.

Vanquished Creatures
  Robin (D:2)
  2 gnolls (D:2)
  An ooze (D:2)
  A dart slug (D:2)
  2 giant cockroaches
  19 goblins
  9 hobgoblins
  9 jackals
  2 bats (D:1)
  4 frilled lizards
  3 kobolds (D:1)
  5 rats
58 creatures vanquished.

Notes
Turn   | Place    | Note
-------+----------+-------------------------------------------
     0 | D:1      | dtburroughs the Minotaur Berserker began the quest for the
                  | Orb.
     0 | D:1      | Reached XP level 1. HP: 19/19 MP: 0/0
     7 | D:1      | Noticed a dwarf
    11 | D:1      | Noticed an elf
    17 | D:1      | Noticed a vampire
    19 | D:1      | Noticed a minotaur skeleton
   132 | D:1      | HP: 1/30 [goblin/+0 dagger (3)]
   135 | D:1      | Reached XP level 2. HP: 2/27 MP: 1/1
  1180 | D:2      | Reached XP level 3. HP: 27/33 MP: 2/2
  1322 | D:2      | Noticed Robin
  1350 | D:2      | Reached ** piety under Trog
  1365 | D:2      | Killed Robin
  1369 | D:2      | Reached XP level 4. HP: 16/41 MP: 3/3
  1581 | D:2      | Found a shimmering blue altar of Sif Muna.
  1727 | D:2      | HP: 3/61 [gnoll/+0 spear (1)]
  1729 | D:2      | Mangled by a gnoll

Illustrated notes

Levels and vault maps discovered:
D:1:      shiori_arrival_whats_in_store_for_you, layout_rooms
D:2:      layout_basic, lemuel_altar_in_water, uniq_robin

Skill      XL: |  1  2  3 |
---------------+----------+-----
Fighting       | 4 |  4.6
Axes           | 4 |  4.4
Armour         | 3 |  3.5
Dodging        | 3 |  3.2

Action                   |  1- 3 |  4- 6 || total
-------------------------+-------+-------++-------
Melee: Hand axe          |    90 |    23 ||   113
       Headbutt          |    10 |     5 ||    15
Invok: Berserk           |     2 |     1 ||     3
       Trog's Hand       |     1 |     3 ||     4
Armor: Animal skin       |    13 |     3 ||    16
Dodge: Dodged            |    66 |    30 ||    96
